[Event "Titled Tuesday Blitz November 07 Late 2023"]
[White "Oglaza, Oskar"]
[Black "Papasimakopoulos, Alexandros"]
[WhiteFideId "1194402"]
[BlackFideId "4244125"]
[WhiteElo "2517"]
[BlackElo "2687"]
[Result "1-0"]
[Round "7"]
[TimeControl "180+1"]
[Date "2023.11.07"]
[WhiteClock "0:00:16"]
[BlackClock "0:01:31"]
[Board "41"]

1. e4 e6 2. d4 d5 3. Nc3 Bb4 4. Qd3 dxe4 5. Qxe4 Nf6 6. Qh4 Nc6 7. Nf3 Ne7 8. Bd3 Nf5 9. Bxf5 exf5 10. Bg5 Be6 11. O-O Be7 12. Rad1 c6 13. b3 h6 14. Ne2 O-O 15. Bxf6 Bxf6 16. Qg3 Bd5 17. Nf4 Be4 18. Rd2 Qc7 19. Nh5 Qxg3 20. Nxf6+ gxf6 21. hxg3 Bxf3 22. gxf3 Rfe8 23. Kg2 f4 24. Rfd1 Rad8 25. d5 cxd5 26. Rxd5 Rxd5 27. Rxd5 Re2 28. Rc5 fxg3 29. Kxg3 b6 30. Rc7 Kg7 31. a4 a5 32. Rc6 Re6 33. Rc7 f5 34. Kf4 Kg6 35. c4 f6 36. c5 bxc5 37. Rxc5 Ra6 38. Rxf5 h5 39. Rb5 Ra8 40. Kg3 Ra6 41. Kh4 Rd6 42. Rxa5 Rd3 43. Rb5 Rxf3 44. a5 Rxf2 45. b4 Ra2 46. Rb6 Ra4 47. a6 Ra1 48. b5 Ra4+ 49. Kh3 Kg5 50. Rb7 Ra3+ 51. Kg2 Kg4 52. a7 Ra2+ 53. Kf1 Kf3 54. Ke1 h4 55. b6 h3 56. Rh7 h2 57. Rxh2 1-0


[Site "https://www.chess.com"]

[Event "Titled Tuesday Blitz November 07 Late 2023"]
[White "Giroyan, Gary"]
[Black "Zirkelbach, Maj"]
[WhiteFideId "680281"]
[BlackFideId "14613395"]
[WhiteElo "2687"]
[BlackElo "2505"]
[Result "1-0"]
[Round "7"]
[TimeControl "180+1"]
[Date "2023.11.07"]
[WhiteClock "0:01:07"]
[BlackClock "0:00:19"]
[Board "42"]

1. d4 Nf6 2. c4 e6 3. Nf3 d5 4. g3 Bb4+ 5. Bd2 Be7 6. Bg2 O-O 7. O-O c6 8. Qc2 Nbd7 9. Rc1 b6 10. a4 Ba6 11. b3 Rc8 12. a5 b5 13. c5 Ne4 14. b4 Bf6 15. Bc3 Re8 16. Ne5 Nxc3 17. Qxc3 Nxe5 18. dxe5 d4 19. Qd3 Bxe5 20. Nd2 Rc7 21. f4 Bf6 22. Ne4 e5 23. Nd6 Ree7 24. f5 Red7 25. h4 Be7 26. Ne4 f6 27. g4 Kh8 28. Kf2 Bc8 29. Rh1 a6 30. Bf3 Bf8 31. Rag1 Rf7 32. Ke1 g6 33. Nf2 gxf5 34. gxf5 Rg7 35. Ng4 Be7 36. Nh6 Bf8 37. Ng4 Be7 38. Be4 Bd7 39. Nh6 Bf8 40. Rxg7 Bxg7 41. Nf7+ Kg8 42. Nxd8 Rc8 43. Qb3+ 1-0


[Site "https://www.chess.com"]

[Event "Titled Tuesday Blitz November 07 Late 2023"]
[White "Rozman, Levy"]
[Black "Kovacsy, Barnabas"]
[WhiteFideId "2039877"]
[BlackFideId "769290"]
[WhiteElo "2686"]
[BlackElo "2491"]
[Result "0-1"]
[Round "7"]
[TimeControl "180+1"]
[Date "2023.11.07"]
[WhiteClock "0:00:04"]
[BlackClock "0:00:21"]
[Board "43"]

1. e4 c5 2. a3 e6 3. b4 cxb4 4. axb4 Bxb4 5. c3 Be7 6. d4 d5 7. e5 Nc6 8. Qg4 g6 9. h4 h5 10. Qg3 Nh6 11. Nf3 Nf5 12. Qf4 Bd7 13. Ba3 Qb6 14. Bd3 Rc8 15. O-O Bxa3 16. Nxa3 a6 17. Rab1 Qc7 18. Rfc1 b5 19. Bxf5 exf5 20. Rxb5 axb5 21. Nxb5 Qd8 22. Nd6+ Kf8 23. Ng5 Be6 24. Ra1 Ra8 25. Rxa8 Qxa8 26. Nxe6+ fxe6 27. Qg5 Qd8 28. Qxg6 Qe7 29. g3 Rg8 30. Qh6+ Rg7 31. Qh8+ Rg8 32. Qh6+ Rg7 33. Qxh5 f4 34. Qh6 fxg3 35. fxg3 Kg8 36. Kg2 Nd8 37. c4 Nf7 38. Nxf7 Qxf7 39. cxd5 exd5 40. e6 Qf5 41. h5 Qe4+ 42. Kh2 Qe2+ 43. Kh1 Qe1+ 0-1


[Site "https://www.chess.com"]

[Event "Titled Tuesday Blitz November 07 Late 2023"]
[White "Prithu Gupta"]
[Black "Amburgy, Ryan"]
[WhiteFideId "46618546"]
[BlackFideId "30924820"]
[WhiteElo "2400"]
[BlackElo "2644"]
[Result "1-0"]
[Round "7"]
[TimeControl "180+1"]
[Date "2023.11.07"]
[WhiteClock "0:00:06"]
[BlackClock "0:00:09"]
[Board "44"]

1. d4 Nf6 2. c4 e6 3. Nf3 d5 4. Bg5 h6 5. Bxf6 Qxf6 6. Nc3 Bb4 7. e3 O-O 8. Rc1 dxc4 9. Bxc4 c5 10. O-O cxd4 11. exd4 Rd8 12. Qe2 Nc6 13. Ne4 Qe7 14. Qe3 Bd7 15. Rfd1 Be8 16. a3 Bd6 17. d5 exd5 18. Bxd5 Bc7 19. Qc5 Qxc5 20. Nxc5 Rab8 21. Be4 Bd6 22. Kf1 Bxc5 23. Rxd8 Nxd8 24. Rxc5 Bc6 25. Bxc6 Nxc6 26. b4 a6 27. Ke2 Kf8 28. Kd3 Ke7 29. Kc3 g6 30. a4 Kd6 31. Kb3 Re8 32. Rc2 Re4 33. Rd2+ Kc7 34. b5 Na5+ 35. Kc3 Rc4+ 36. Kd3 Rxa4 37. bxa6 bxa6 38. Rc2+ Kb7 39. Ne5 Rf4 40. Ke3 Rf5 41. f4 Rf6 42. g4 Re6 43. Kf3 Nc6 44. Rb2+ Kc7 45. Rc2 f6 46. Nxg6 Kd6 47. Rd2+ Kc5 48. f5 Re8 49. Nf4 Nd4+ 50. Kg3 a5 51. Kh4 Re3 52. Kh5 a4 53. Kxh6 a3 54. Kg7 Rf3 55. Ne6+ Nxe6+ 56. fxe6 f5 57. g5 f4 58. Kf7 Re3 59. e7 f3 60. e8=Q Rxe8 61. Kxe8 Kc4 62. g6 Kc3 63. Rf2 Kb4 64. Rxf3 a2 65. Rf1 1-0


[Site "https://www.chess.com"]

[Event "Titled Tuesday Blitz November 07 Late 2023"]
[White "FuenfgegenWilly"]
[Black "Holt, Conrad"]
[BlackFideId "2034387"]
[WhiteElo "2445"]
[BlackElo "2795"]
[Result "1/2-1/2"]
[Round "7"]
[TimeControl "180+1"]
[Date "2023.11.07"]
[WhiteClock "0:00:07"]
[BlackClock "0:00:10"]
[Board "45"]

1. e4 e6 2. d4 d5 3. exd5 exd5 4. Nf3 Bd6 5. Bd3 Nc6 6. O-O Bg4 7. Re1+ Nge7 8. c3 Qd7 9. Nbd2 f6 10. b4 O-O 11. b5 Na5 12. Qa4 b6 13. Ba3 a6 14. Bxd6 Qxd6 15. bxa6 Nec6 16. Re3 g6 17. Nb3 Bd7 18. Nxa5 Nxa5 19. Qc2 Kg7 20. Rae1 b5 21. Nh4 f5 22. Re7+ Rf7 23. Rxf7+ Kxf7 24. Qd2 Rxa6 25. Qh6 Kg8 26. Qg5 Qf6 27. Qxf6 Rxf6 28. Nf3 Kf8 29. Ne5 Be8 30. Rb1 Rb6 31. f4 Nb7 32. Kf2 Nd6 33. g3 Ra6 34. Rb2 Ra3 35. Rc2 Ke7 36. Ke3 Ne4 37. Bxe4 fxe4 38. Kd2 Kd6 39. Rb2 c5 40. Kc2 cxd4 41. cxd4 e3 42. Nd3 g5 43. Ne1 Bg6+ 44. Kd1 gxf4 45. gxf4 Kc6 46. Ke2 Ra4 47. Kxe3 Ra3+ 48. Ke2 Be4 49. Nc2 Rh3 50. Kd2 Rxh2+ 51. Kc3 Rh3+ 52. Kb4 Kd6 53. Na3 Rd3 54. Nxb5+ Kc6 55. a4 h5 56. Rc2+ Kb7 57. Rh2 Rd1 58. Rxh5 Rb1+ 59. Kc5 Rc1+ 60. Kd6 Kb6 61. Rxd5 Bxd5 62. Kxd5 Ra1 63. f5 Rxa4 64. Nd6 Ra8 65. Ke6 Kc7 66. f6 Ra6 67. f7 Rxd6+ 68. Ke7 Rd7+ 69. Ke8 Rd8+ 70. Ke7 Rd7+ 71. Ke8 Rd8+ 72. Ke7 Rd7+ 1/2-1/2


[Site "https://www.chess.com"]

[Event "Titled Tuesday Blitz November 07 Late 2023"]
[White "Przybylski, Wojciech"]
[Black "Troff, Kayden"]
[WhiteFideId "1117599"]
[BlackFideId "2047896"]
[WhiteElo "2531"]
[BlackElo "2792"]
[Result "0-1"]
[Round "7"]
[TimeControl "180+1"]
[Date "2023.11.07"]
[WhiteClock "0:00:00"]
[BlackClock "0:00:59"]
[Board "46"]

1. d4 Nf6 2. c4 g6 3. g3 c6 4. Bg2 d5 5. Nf3 Bg7 6. O-O O-O 7. Nbd2 Nbd7 8. Re1 Nb6 9. b3 Ne4 10. Bb2 Nxd2 11. Nxd2 dxc4 12. Nxc4 c5 13. dxc5 Nxc4 14. Bxg7 Kxg7 15. bxc4 Qc7 16. Qd4+ f6 17. Rab1 Rd8 18. Qe3 Rb8 19. c6 b6 20. Rbd1 Ba6 21. Bd5 Rd6 22. Qa3 Bc8 23. Bf3 Rxd1 24. Rxd1 Be6 25. Rd7 Bxd7 26. Qxe7+ Kh6 27. cxd7 Qd8 28. Qd6 Qf8 29. Qd2+ Kg7 30. Bc6 Rd8 31. h4 Qc5 32. Bb5 Qc7 33. Qd5 a6 34. Bc6 Qe5 35. e4 Qxd5 36. exd5 Kf7 37. Kf1 Ke7 38. Ke2 Kd6 39. Kd3 Kc5 40. Kc3 b5 41. cxb5 axb5 42. a3 h5 43. Kb3 g5 44. a4 bxa4+ 45. Kxa4 gxh4 46. gxh4 Rb8 47. f4 Kd6 48. Ka5 Kc7 49. Ka4 Rb1 50. Ka5 Rf1 51. Bb5 Rxf4 52. d6+ Kd8 53. Kb6 Rxh4 54. Kc6 Re4 55. Bd3 Re5 0-1


[Site "https://www.chess.com"]

[Event "Titled Tuesday Blitz November 07 Late 2023"]
[White "ChessBrainiacOnTwitch"]
[Black "Ziatdinov, Raset"]
[BlackFideId "2015323"]
[WhiteElo "2784"]
[BlackElo "2522"]
[Result "0-1"]
[Round "7"]
[TimeControl "180+1"]
[Date "2023.11.07"]
[WhiteClock "0:00:00"]
[BlackClock "0:01:08"]
[Board "47"]

1. e4 e5 2. Nf3 Nc6 3. Bc4 Bc5 4. c3 Nf6 5. d3 d6 6. O-O Bb6 7. a4 a6 8. Nbd2 O-O 9. h3 Be6 10. Bxe6 fxe6 11. b4 h6 12. Nc4 Ba7 13. Re1 Qd7 14. Ra2 Rf7 15. b5 Ne7 16. bxa6 bxa6 17. d4 exd4 18. cxd4 Raf8 19. Kh2 Ng6 20. e5 Nh5 21. d5 Rxf3 22. gxf3 Nhf4 23. Bxf4 Nxf4 24. Rg1 exd5 25. Rg4 dxc4 26. exd6 cxd6 27. Qg1 h5 28. Rg3 d5 29. Rd2 Bb8 30. Kh1 Kh8 31. Rd1 Nd3 32. Qf1 Bxg3 33. fxg3 Qf5 34. Kg2 Re8 35. Rd2 Re3 36. Re2 Qe5 37. Rxe3 Qxe3 38. h4 c3 39. Qb1 Qe2+ 40. Kh3 Qe6+ 41. Kg2 Qe2+ 42. Kh3 c2 43. Qb8+ Kh7 44. Qe8 Qxe8 0-1


[Site "https://www.chess.com"]

[Event "Titled Tuesday Blitz November 07 Late 2023"]
[White "Rangel, Daniel"]
[Black "Hilary46"]
[WhiteFideId "2124475"]
[WhiteElo "2517"]
[BlackElo "2696"]
[Result "1-0"]
[Round "7"]
[TimeControl "180+1"]
[Date "2023.11.07"]
[WhiteClock "0:01:01"]
[BlackClock "0:01:08"]
[Board "48"]

1. c4 Nf6 2. g3 e6 3. Bg2 d5 4. Nf3 d4 5. O-O c5 6. e3 Nc6 7. exd4 cxd4 8. d3 h6 9. Bf4 Bd6 10. Bxd6 Qxd6 11. Nfd2 O-O 12. Qe2 e5 13. Ne4 Nxe4 14. Bxe4 Re8 15. Nd2 b6 16. c5 bxc5 17. Nc4 Qc7 18. Rac1 Bb7 19. Qf3 Rab8 20. h4 Nb4 21. Bxb7 Rxb7 22. Nd6 Qxd6 23. Qxb7 Nxd3 24. Qb5 Rb8 25. Qxd3 Rxb2 26. Rb1 Rxa2 27. Rb7 g6 28. Qc4 Qe6 29. Qxe6 fxe6 30. Rfb1 Ra6 31. Rb8+ Kf7 32. R1b7+ Kf6 33. Rf8# 1-0


[Site "https://www.chess.com"]

[Event "Titled Tuesday Blitz November 07 Late 2023"]
[White "Skvortsov, Andrei"]
[Black "JackRodgers"]
[WhiteFideId "24108600"]
[WhiteElo "2674"]
[BlackElo "2516"]
[Result "1-0"]
[Round "7"]
[TimeControl "180+1"]
[Date "2023.11.07"]
[WhiteClock "0:00:47"]
[BlackClock "0:00:00"]
[Board "49"]

1. e4 c5 2. d4 cxd4 3. Qxd4 Nc6 4. Qd3 d6 5. Nc3 g6 6. Nf3 Bg7 7. Be2 Nf6 8. O-O O-O 9. Nd5 Bg4 10. c3 Ne5 11. Nxe5 Bxe2 12. Qxe2 Nxd5 13. Nxf7 Nxc3 14. Nh6+ Bxh6 15. Qc4+ d5 16. exd5 Qxd5 17. Qxd5+ Nxd5 18. Bxh6 Rfd8 19. Rac1 Rac8 20. a3 Kf7 21. g3 e5 22. Bg5 Nf6 23. Rce1 Rd5 24. Re2 Nd7 25. Rfe1 Ke6 26. Bd2 Kf5 27. Bc3 Re8 28. h3 h5 29. Kg2 g5 30. Re4 g4 31. hxg4+ hxg4 32. Rb4 Nc5 33. Rh1 Rf8 34. Rh5+ Ke6 35. Rxg4 Nd3 36. Rg6+ Kd7 37. Rh7+ Kc8 38. Rgg7 Rc5 39. Rf7 Rxf7 40. Rxf7 e4 41. g4 a5 42. Kg3 Nc1 43. g5 Rxg5+ 44. Kf4 Rc5 45. Kxe4 Ne2 46. Be5 b5 47. f4 Rc4+ 48. Kd5 Nc1 49. Ra7 Nd3 50. Rxa5 1-0


[Site "https://www.chess.com"]

[Event "Titled Tuesday Blitz November 07 Late 2023"]
[White "Urbina Perez, Juan Antonio"]
[Black "Mladenovic, Stefan"]
[WhiteFideId "2217368"]
[BlackFideId "942227"]
[WhiteElo "2510"]
[BlackElo "2658"]
[Result "0-1"]
[Round "7"]
[TimeControl "180+1"]
[Date "2023.11.07"]
[WhiteClock "0:00:00"]
[BlackClock "0:00:03"]
[Board "50"]

1. e4 c5 2. Nf3 d6 3. Bb5+ Bd7 4. c4 Nf6 5. Nc3 g6 6. d3 Bg7 7. h3 O-O 8. O-O Nc6 9. Be3 a6 10. Ba4 Ne8 11. Rc1 Nc7 12. d4 cxd4 13. Nxd4 Ne6 14. Nxe6 Bxe6 15. Nd5 Bxb2 16. Rb1 Bg7 17. Rxb7 Bxd5 18. cxd5 Ne5 19. Qb3 Rb8 20. Rb1 Rxb7 21. Qxb7 Qa5 22. Qb4 Qc7 23. Rc1 Qd8 24. Qb6 Qxb6 25. Bxb6 Rb8 26. Be3 h5 27. Bb3 Rb4 28. f3 a5 29. Rc8+ Kh7 30. Ra8 Rb5 31. Ra7 Bf6 32. Rc7 g5 33. Rc2 Kg6 34. Kf2 h4 35. Ke2 Kg7 36. Kd1 Ng6 37. Bc4 Rb8 38. a4 Rb1+ 39. Rc1 Rb4 40. Bb5 Nf4 41. Rc2 Bd4 42. Bxf4 gxf4 43. Ke2 Be3 44. Kd3 Rb3+ 45. Rc3 Rb1 46. Rc2 Rd1+ 47. Kc3 f5 48. exf5 Rxd5 49. Bd7 Kf6 50. Be6 Rd4 51. Bd7 Ke5 52. Kb3 Rb4+ 53. Ka2 d5 54. Rc6 d4 55. Re6+ Kd5 56. Bb5 Kc5 57. Rxe7 Kb6 58. Re6+ Kc5 59. f6 d3 60. Rc6+ Kd5 61. f7 d2 62. f8=Q Rb2+ 63. Ka3 d1=Q 64. Rd6+ Kc5 0-1


[Site "https://www.chess.com"]

[Event "Titled Tuesday Blitz November 07 Late 2023"]
[White "Ventura Bolet, Maxim"]
[Black "Perske, Thore"]
[WhiteFideId "22238824"]
[BlackFideId "12902195"]
[WhiteElo "2493"]
[BlackElo "2646"]
[Result "0-1"]
[Round "7"]
[TimeControl "180+1"]
[Date "2023.11.07"]
[WhiteClock "0:00:04"]
[BlackClock "0:01:07"]
[Board "51"]

1. e4 e6 2. Nf3 d5 3. e5 c5 4. b4 cxb4 5. a3 bxa3 6. d4 Nc6 7. Bxa3 a6 8. Bxf8 Kxf8 9. c3 Nge7 10. Bd3 Bd7 11. O-O Rc8 12. Ng5 h6 13. Nh3 g6 14. f4 Kg7 15. g4 h5 16. Nf2 hxg4 17. Nxg4 Ng8 18. Rf3 Qh4 19. Rg3 Nce7 20. Nd2 Bb5 21. Nf3 Qh5 22. Bxb5 axb5 23. Nf6 Nxf6 24. exf6+ Kxf6 25. Qe1 Kg7 26. Qe5+ Qxe5 27. Nxe5 Nf5 28. Rd3 Rh4 29. Rb1 Rxf4 30. Rxb5 Rc7 31. Rd1 Nd6 32. Rb6 Ne4 33. Rdb1 Rxc3 34. Rxb7 Rf5 35. Rf1 Ng5 36. Rxf5 exf5 37. h4 Nf3+ 38. Nxf3 Rxf3 39. Rd7 Rf4 40. Rxd5 Rxh4 41. Kg2 Re4 42. Rd6 g5 43. Kf3 g4+ 44. Kg3 f6 45. d5 Kg6 46. Rd8 Re3+ 47. Kf4 Rf3# 0-1


[Site "https://www.chess.com"]

[Event "Titled Tuesday Blitz November 07 Late 2023"]
[White "Bochnicka, Vladimir"]
[Black "Shuvalova, Polina"]
[WhiteFideId "14943450"]
[BlackFideId "24171760"]
[WhiteElo "2438"]
[BlackElo "2644"]
[Result "0-1"]
[Round "7"]
[TimeControl "180+1"]
[Date "2023.11.07"]
[WhiteClock "0:00:00"]
[BlackClock "0:00:05"]
[Board "52"]

1. e4 c6 2. d4 d5 3. e5 Bf5 4. h4 h5 5. c4 e6 6. Nc3 Ne7 7. Bg5 Qb6 8. Na4 Qa5+ 9. Bd2 Qd8 10. Nf3 dxc4 11. Bxc4 b5 12. Nc5 bxc4 13. Nb7 Qc7 14. Nd6+ Kd7 15. Nxf7 Rg8 16. O-O Nd5 17. Rc1 Ke8 18. N3g5 Bg6 19. Nd6+ Bxd6 20. exd6 Qxd6 21. Re1 Nc7 22. Rxc4 Nd7 23. Bb4 Qd5 24. Qe2 Rb8 25. Nxe6 Nxe6 26. Qxe6+ Qxe6 27. Rxe6+ Kf7 28. Re7+ Kf6 29. Rxd7 Rgc8 30. d5 cxd5 31. Rf4+ Ke5 32. g3 Be4 33. Bd6+ Ke6 34. Rxe4+ dxe4 35. Bxb8 Kxd7 36. Bxa7 Rc1+ 37. Kg2 Rc2 38. Bd4 g6 39. a3 Rd2 40. Bc3 e3 41. Kf3 exf2 42. Kg2 Rc2 43. Kf1 Kc6 44. Bd4 Kb5 45. Bxf2 Rxb2 46. Be1 Rc2 47. Bb4 Ra2 48. Bd6 Kc4 49. Bf4 Kd3 50. Bd6 Ke4 51. Kg1 Kf3 52. Kh1 Kg4 53. Kg1 Kf5 54. Kh1 Ke6 55. Bb4 Ke5 56. Kg1 Ke4 57. Bd6 Kf3 58. Kh1 Rd2 59. Bc5 Kxg3 60. Bd6+ Kh3 0-1


[Site "https://www.chess.com"]

[Event "Titled Tuesday Blitz November 07 Late 2023"]
[White "Roebers, Eline"]
[Black "Herman, Daniel"]
[WhiteFideId "1058401"]
[BlackFideId "30935008"]
[WhiteElo "2634"]
[BlackElo "2425"]
[Result "1-0"]
[Round "7"]
[TimeControl "180+1"]
[Date "2023.11.07"]
[WhiteClock "0:00:46"]
[BlackClock "0:00:22"]
[Board "53"]

1. e4 d5 2. Nc3 dxe4 3. Nxe4 Qd5 4. Ng3 e5 5. d3 Nc6 6. Nf3 Nf6 7. Be2 Be7 8. O-O O-O 9. Re1 Re8 10. h3 Bf8 11. Bf1 b6 12. Bg5 Nd7 13. c3 Bb7 14. Qc2 f6 15. Be3 Nc5 16. b4 Ne6 17. a4 Rad8 18. Rad1 a5 19. b5 Ne7 20. d4 exd4 21. Nxd4 Nxd4 22. Rxd4 Qf7 23. Bc4 Bd5 24. Bd3 g6 25. c4 Bb7 26. Rxd8 Rxd8 27. Be4 Bxe4 28. Nxe4 Nf5 29. Bf4 Nd6 30. Nxd6 Bxd6 31. Bxd6 Rxd6 32. c5 Re6 33. Rd1 Re5 34. cxb6 cxb6 35. Qc6 Re6 36. Qf3 Qe7 37. Kh2 Re1 38. Qa8+ Kg7 39. Rxe1 Qxe1 40. Qb7+ Kh6 41. Qxb6 Qe5+ 42. g3 Qc3 43. Qe3+ 1-0


[Site "https://www.chess.com"]

[Event "Titled Tuesday Blitz November 07 Late 2023"]
[White "Fiorito, Francisco"]
[Black "Jamal-Jamal-Jamal"]
[WhiteFideId "180165"]
[WhiteElo "2605"]
[BlackElo "2361"]
[Result "1-0"]
[Round "7"]
[TimeControl "180+1"]
[Date "2023.11.07"]
[WhiteClock "0:00:20"]
[BlackClock "0:01:15"]
[Board "54"]

1. Nf3 Nf6 2. g3 b6 3. Bg2 Bb7 4. b3 e6 5. Bb2 Be7 6. O-O O-O 7. c4 c5 8. Nc3 d6 9. d4 cxd4 10. Qxd4 Na6 11. Rfd1 Nc5 12. b4 Ncd7 13. Rac1 a6 14. e4 Qc7 15. a4 Rac8 16. Bf1 Rfd8 17. h3 Qb8 18. Qe3 Qa8 19. Re1 Ne5 20. Nxe5 dxe5 21. Qxb6 Nxe4 22. Nxe4 Bxe4 23. Bxe5 h5 24. Qe3 Bb7 25. c5 Bc6 26. b5 axb5 27. axb5 Bd5 28. c6 f6 29. Bd4 e5 30. Bc5 Bxc5 31. Qxc5 h4 32. Bc4 Bxc4 33. Qxc4+ Kf8 34. Qxh4 Qa2 35. Qb4+ Kg8 36. b6 Kh8 37. b7 Rc7 38. b8=Q Rdc8 39. Q4b7 Qf7 40. Q8xc8+ Rxc8 41. Qxf7 1-0


[Site "https://www.chess.com"]

[Event "Titled Tuesday Blitz November 07 Late 2023"]
[White "Tologon tegin, Semetei"]
[Black "Awoki, Daniel Teidi"]
[WhiteFideId "13800574"]
[BlackFideId "2100827"]
[WhiteElo "2594"]
[BlackElo "2320"]
[Result "0-1"]
[Round "7"]
[TimeControl "180+1"]
[Date "2023.11.07"]
[WhiteClock "0:00:20"]
[BlackClock "0:00:21"]
[Board "55"]

1. Nc3 d5 2. Nf3 d4 3. Ne4 Nf6 4. Nxf6+ exf6 5. e3 dxe3 6. Qe2 Be7 7. dxe3 O-O 8. Bd2 b6 9. Bc3 Ba6 10. Qd2 Bxf1 11. Rxf1 Qxd2+ 12. Nxd2 Nd7 13. O-O-O Rfd8 14. e4 Bd6 15. Nc4 Bf4+ 16. Kb1 Ne5 17. Bxe5 Bxe5 18. f4 Bxf4 19. g3 Be5 20. c3 Kf8 21. Kc2 Ke7 22. Ne3 c6 23. Nf5+ Kf8 24. b3 g6 25. Ne3 Ke7 26. a4 Rxd1 27. Rxd1 Rd8 28. Rxd8 Kxd8 29. Kd3 Kd7 30. b4 Ke6 31. b5 cxb5 32. axb5 h5 33. c4 Bd6 34. Nc2 Bc5 35. Ne1 f5 36. Nf3 f6 37. Ne1 fxe4+ 38. Kxe4 f5+ 39. Kd3 g5 40. Nf3 g4 41. Ng5+ Kf6 42. h4 Bd6 43. Nh7+ Kg6 44. Ng5 Bxg3 45. Ne6 Kf6 46. Nd8 Bxh4 47. Nc6 Bf2 48. Nxa7 h4 49. Ke2 Bc5 50. Nc6 h3 51. Kf1 g3 0-1


[Site "https://www.chess.com"]

[Event "Titled Tuesday Blitz November 07 Late 2023"]
[White "Harish, Neeraj"]
[Black "Ozates, Tuna"]
[WhiteFideId "30958130"]
[BlackFideId "6354521"]
[WhiteElo "2303"]
[BlackElo "2588"]
[Result "1-0"]
[Round "7"]
[TimeControl "180+1"]
[Date "2023.11.07"]
[WhiteClock "0:00:04"]
[BlackClock "0:00:03"]
[Board "56"]

1. e4 e5 2. Nf3 Nc6 3. Bc4 Bc5 4. O-O Nf6 5. d3 h6 6. Re1 d6 7. c3 Bb6 8. Nbd2 Ne7 9. Nf1 Ng4 10. Re2 Ng6 11. h3 Nf6 12. d4 Qe7 13. Ng3 O-O 14. Re1 Be6 15. Bd3 Qd7 16. Be3 c6 17. Qc2 Rfe8 18. Rad1 Qc7 19. b3 Rad8 20. Qc1 Qc8 21. Kh2 Kh7 22. Bb1 a5 23. Nf5 Bxf5 24. exf5 Ne7 25. dxe5 Bxe3 26. Rxe3 dxe5 27. Nxe5 Ned5 28. Rg3 Rxe5 29. Rd4 Ne7 30. Rh4 Neg8 31. Qf4 Rde8 32. Qg5 g6 33. fxg6+ Kg7 34. Qf4 fxg6 35. Rxg6+ Kf7 36. Rhxh6 Nxh6 37. Qxf6# 1-0


[Site "https://www.chess.com"]

[Event "Titled Tuesday Blitz November 07 Late 2023"]
[White "Chigaev, Maksim"]
[Black "Czerw, Dawid"]
[WhiteFideId "4108116"]
[BlackFideId "1145746"]
[WhiteElo "2885"]
[BlackElo "2496"]
[Result "0-1"]
[Round "7"]
[TimeControl "180+1"]
[Date "2023.11.07"]
[WhiteClock "0:00:08"]
[BlackClock "0:00:21"]
[Board "57"]

1. e4 c5 2. Ne2 g6 3. g3 Bg7 4. Bg2 Nc6 5. c3 d6 6. d4 cxd4 7. cxd4 e6 8. O-O Nge7 9. Nbc3 O-O 10. Be3 d5 11. exd5 Nxd5 12. Nxd5 exd5 13. Nf4 Be6 14. Rc1 Rc8 15. Rc5 b6 16. Rc3 Qd6 17. Qd2 Ne7 18. Nxe6 fxe6 19. Bh3 Nf5 20. Bxf5 exf5 21. Bf4 Qd7 22. Rfc1 Rxc3 23. Qxc3 Re8 24. Be5 Bxe5 25. dxe5 f4 26. Qd4 fxg3 27. hxg3 Qe6 28. Re1 Rc8 29. Rd1 Rc2 30. Qxd5 Qxd5 31. Rxd5 Rxb2 32. Rd8+ Kf7 33. Rd7+ Ke6 34. Rxh7 Rxa2 35. Rg7 Kxe5 36. Rxg6 Kf5 37. Rc6 Rb2 38. Kg2 a5 39. Rc4 b5 40. g4+ Kg5 41. Rd4 a4 42. Kg3 a3 43. f4+ Kf6 44. Rd6+ Ke7 45. Ra6 a2 46. g5 b4 47. f5 Rb3+ 48. Kf4 Ra3 49. Re6+ Kd7 0-1


[Site "https://www.chess.com"]

[Event "Titled Tuesday Blitz November 07 Late 2023"]
[White "Sepulveda Rojas, Jorge"]
[Black "Bordi, Kevin"]
[WhiteFideId "3404803"]
[BlackFideId "621862"]
[WhiteElo "2492"]
[BlackElo "2771"]
[Result "1-0"]
[Round "7"]
[TimeControl "180+1"]
[Date "2023.11.07"]
[WhiteClock "0:00:18"]
[BlackClock "0:00:47"]
[Board "58"]

1. e4 d5 2. exd5 Qxd5 3. Nf3 Bg4 4. Be2 Nc6 5. O-O O-O-O 6. h3 Bxf3 7. Bxf3 Qd7 8. d3 e5 9. Nc3 f5 10. Re1 Bd6 11. Ne4 Kb8 12. Nxd6 cxd6 13. c3 Nf6 14. b4 Rhg8 15. Bg5 h6 16. Bxf6 gxf6 17. Bd5 Rg5 18. Qa4 Ne7 19. Qxd7 Rxd7 20. f4 Rg3 21. Bf3 Ng6 22. Kf2 exf4 23. Re8+ Kc7 24. d4 Nh4 25. Bd5 Rdg7 26. Rae1 Rxc3 27. R1e7+ Rxe7 28. Rxe7+ Kd8 29. Rxb7 Rc2+ 30. Kf1 Rd2 31. Bc6 Rxd4 32. b5 f3 33. gxf3 f4 34. Rxa7 Nf5 35. b6 Rb4 36. Rb7 Nd4 37. Rb8+ Ke7 38. Bd5 Rb5 39. b7 Rxd5 40. Rc8 Rb5 41. b8=Q Rxb8 42. Rxb8 Nxf3 43. a4 Kd7 44. a5 Kc7 45. Rb4 Ne5 46. a6 Nc6 47. Rc4 Kb6 48. Rxf4 Kxa6 49. Rxf6 Kb5 50. Rxd6 Kc5 51. Rxh6 Ne5 52. Rh5 Kd4 53. Rf5 Ke4 54. Rf6 Nd7 55. Rf2 Ne5 56. h4 Ng4 57. h5 Nxf2 58. h6 Nd3 59. h7 Ne5 60. h8=Q Kd5 61. Qh5 Ke6 62. Ke2 Kf6 63. Ke3 Nf7 64. Kf4 Kg7 65. Kf5 Nh6+ 66. Ke6 Nf7 67. Qxf7+ Kh8 68. Qe7 1-0


[Site "https://www.chess.com"]

[Event "Titled Tuesday Blitz November 07 Late 2023"]
[White "Khater, Sherif"]
[Black "Martinez Ramirez, Lennis"]
[WhiteFideId "2034280"]
[BlackFideId "3509079"]
[WhiteElo "2492"]
[BlackElo "2701"]
[Result "0-1"]
[Round "7"]
[TimeControl "180+1"]
[Date "2023.11.07"]
[WhiteClock "0:00:07"]
[BlackClock "0:00:50"]
[Board "59"]

1. c4 e5 2. g3 Nf6 3. Bg2 c6 4. Qc2 d5 5. cxd5 cxd5 6. d3 Nc6 7. Nf3 Bg4 8. O-O Be7 9. h3 Bxf3 10. Bxf3 Nd4 11. Qd1 Nxf3+ 12. exf3 Qd7 13. Kg2 O-O 14. Re1 Bd6 15. Nc3 h6 16. d4 Rfe8 17. Be3 b6 18. Qd3 Rad8 19. Rad1 e4 20. fxe4 dxe4 21. Qe2 Bb4 22. Qc4 Nd5 23. Bd2 Bxc3 24. bxc3 b5 25. Qe2 Qc6 26. Rc1 e3 27. Kg1 exd2 28. Qxd2 Rxe1+ 29. Qxe1 Re8 30. Qd2 Qc4 31. Re1 Rxe1+ 32. Qxe1 Nxc3 33. Qe8+ Kh7 34. Qe5 Ne2+ 35. Kh2 Nxd4 36. Qe4+ f5 37. Qe3 Qd5 38. h4 Nf3+ 39. Kh3 Ne5 40. Qe1 Ng4 41. h5 Qf3 42. a4 bxa4 43. Qb1 Nxf2+ 44. Kh2 Qxh5+ 45. Kg2 Ne4 46. g4 Qxg4+ 47. Kh2 Qg3+ 0-1


[Site "https://www.chess.com"]

[Event "Titled Tuesday Blitz November 07 Late 2023"]
[White "Kavutskiy, Konstantin"]
[Black "Meduri, Aakaash"]
[WhiteFideId "2026384"]
[BlackFideId "2032252"]
[WhiteElo "2668"]
[BlackElo "2468"]
[Result "1-0"]
[Round "7"]
[TimeControl "180+1"]
[Date "2023.11.07"]
[WhiteClock "0:00:51"]
[BlackClock "0:00:19"]
[Board "60"]

1. d4 d5 2. c4 c6 3. Nf3 Nf6 4. e3 e6 5. Bd3 dxc4 6. Bxc4 b5 7. Bd3 Bd6 8. e4 Be7 9. O-O Bb7 10. Qe2 Nbd7 11. Nc3 a6 12. e5 Nd5 13. a4 b4 14. Nxd5 cxd5 15. Bd2 a5 16. b3 Qb6 17. Rac1 O-O 18. Bg5 Bxg5 19. Bxh7+ Kxh7 20. Nxg5+ Kg6 21. Qg4 f5 22. Qg3 Rac8 23. Rcd1 Rc3 24. Qh4 Qd8 25. Qh7+ Kxg5 26. f4+ Kg4 27. Qg6+ Kh4 28. g3+ Rxg3+ 29. hxg3+ Kh3 30. Qh5+ Kxg3 31. Rf3# 1-0


[Site "https://www.chess.com"]

[Event "Titled Tuesday Blitz November 07 Late 2023"]
[White "Gubajdullin, Alexei"]
[Black "Cristi_Coca"]
[WhiteFideId "4141202"]
[WhiteElo "2650"]
[BlackElo "2482"]
[Result "1-0"]
[Round "7"]
[TimeControl "180+1"]
[Date "2023.11.07"]
[WhiteClock "0:00:30"]
[BlackClock "0:00:16"]
[Board "61"]

1. d4 Nf6 2. Nf3 g6 3. Bf4 Bg7 4. e3 O-O 5. Be2 d6 6. O-O c5 7. c3 b6 8. h3 Bb7 9. a4 a6 10. Qb3 Nbd7 11. Rd1 cxd4 12. exd4 Rc8 13. Nbd2 Rc7 14. Nf1 Qa8 15. Ne3 Nd5 16. Nxd5 Bxd5 17. c4 Bb7 18. a5 bxa5 19. Rxa5 Rfc8 20. c5 e5 21. cxd6 Rc2 22. Ng5 Bd5 23. Rxd5 exf4 24. Bf3 Qb8 25. Rb5 axb5 26. Qxf7+ Kh8 27. Bd5 h6 28. Qxg6 Nf6 29. Nf7+ Kg8 30. Nxh6+ Kh8 31. Nf5 Qa7 32. Bf7 Rg8 33. Bxg8 Kxg8 34. Re1 1-0


[Site "https://www.chess.com"]